 Dungeon Crawl Stone Soup version 0.29.1-13-g9f3cf754e1 (webtiles) character file.

Game seed: 4253438954220360088

15 Thatpatchoflichen the Shooter (level 2, 0/18 HPs)
             Began as a Kobold Hunter on Jan 21, 2023.
             Succumbed to an adder's poison
             ... on level 2 of the Dungeon.
             The game lasted 00:02:53 (1075 turns).

Thatpatchoflichen the Shooter (Kobold Hunter)       Turns: 1075, Time: 00:02:53

Health: 0/18       AC:  3    Str:  8    XL:     2   Next: 65%
Magic:  2/2        EV: 15    Int: 10    God:
Gold:   53         SH:  0    Dex: 18    Spells: 1/1 levels left

rFire   . . .      SeeInvis .   a - +0 shortbow
rCold   . . .      Faith    .   (shield currently unavailable)
rNeg    . . .      Spirit   .   c - +0 leather armour
rPois   .          Reflect  .   (no helmet)
rElec   .          Harm     .   (no cloak)
rCorr   .          Rampage  .   (no gloves)
Will    .....                   (no boots)
Stlth   +++.......              (no amulet)
HPRegen 0.06/turn               (no ring)
MPRegen 0.08/turn               (no ring)

@: lethally poisoned (0 -> -6)
A: small, no large weapons, nightstalker 3
a: no special abilities


You were on level 2 of the Dungeon.
You visited 1 branch of the dungeon, and saw 2 of its levels.

You collected 53 gold pieces.

Inventory:

Hand Weapons
 a - a +0 shortbow (weapon)
Missiles
 e - 6 poisoned darts
Armour
 c - a +0 leather armour (worn)
Jewellery
 j - an amulet of guardian spirit
Scrolls
 b - a scroll of immolation
 f - 2 scrolls of identify {unknown}
 i - a scroll of amnesia {unknown}
 k - 2 scrolls of silence {unknown}
 l - a scroll of magic mapping {unknown}
 m - a scroll of fear {unknown}
Potions
 d - a potion of magic {unknown}
 g - 2 potions of degeneration {unknown}
 h - 2 potions of curing {unknown}
 n - a potion of haste {unknown}


   Skills:
 + Level 2.6 Fighting
 + Level 5.6 Ranged Weapons
 + Level 3.0 Dodging
 - Level 1.3 Stealth


You had one spell level left.
You didn't know any spells.
Your spell library was empty.

Dungeon Overview and Level Annotations

Branches:
Dungeon (2/15)

Altars:

Shops:
D:1 [


Innate Abilities, Weirdness & Mutations

You are small and have problems with some larger weapons.
You are completely attuned to the shadows.


Message History

A goblin comes into view. It is wielding a +0 dagger.
Fire: a) +0 shortbow
Press: ? - help, Q - select action, (/) - cycle Shift-Dir - straight line, f/p - adder
Aim: an adder (heavily wounded, 48% to hit)
You shoot an arrow. The arrow hits the adder.
The adder is heavily wounded.
The adder barely misses you. The ball python misses you.
The ball python grabs you. The ball python constricts you.
The adder completely misses you.
Fire: a) +0 shortbow
Press: ? - help, Q - select action, (/) - cycle Shift-Dir - straight line, f/p - adder
Aim: an adder (heavily wounded, 48% to hit)
You shoot an arrow. The arrow misses the adder.
An adder comes into view.
The ball python loses its grip on you. The adder bites you but does no damage.
The ball python bites you but does no damage.
The ball python grabs you. The ball python constricts you.
The adder hisses angrily.
Fire: a) +0 shortbow
Press: ? - help, Q - select action, (/) - cycle Shift-Dir - straight line, f/p - adder
Aim: an adder (heavily wounded, 48% to hit)
You shoot an arrow. The arrow closely misses the adder.
The adder barely misses you. The adder bites you.
The ball python barely misses you. The ball python constricts you.
The adder barely misses you. x2
You escape the ball python's grasp.
The adder bites you.
* * * LOW HITPOINT WARNING * * *
You are poisoned.
The adder poisons you! The ball python barely misses you.
The ball python misses you.
* * * LOW HITPOINT WARNING * * *
You feel sick. The adder closely misses you. x2
The adder attacks as you move away! The adder misses you.
* * * LOW HITPOINT WARNING * * *
You feel sick. The adder bites you.
* * * LOW HITPOINT WARNING * * *
You are more poisoned.
The adder poisons you! The adder attacks as you move away!
The adder misses you.
You die...

######## #......#
#.####.# #.# #.# ####
#.# #.# ..#
#.####.###### #.#
#............ #@#
#..######.### . #.#
##..####.....#
..##S#.##......#..#.#
...SS#.##.###.##..#..
.###.g...<....##....#
.###.#.#####..###.#†#
..............# #.#.#
..##.##.###...# #.#.#
. #......#...# #.#.#


You could see 2 adders, a goblin and a ball python.

Vanquished Creatures
  3 ball pythons (D:1)
  An endoplasm (D:1)
  A goblin (D:1)
  A hobgoblin (D:1)
  2 quokkas
  A bat (D:2)
  2 kobolds (D:1)
  2 rats
13 creatures vanquished.

Notes
Turn   | Place    | Note
-------+----------+-------------------------------------------
     0 | D:1      | Thatpatchoflichen the Kobold Hunter began the quest for the
                  | Orb.
     0 | D:1      | Reached XP level 1. HP: 12/12 MP: 1/1
   147 | D:1      | Reached XP level 2. HP: 18/18 MP: 2/2
   865 | D:1      | Found Hyxyice's Armour Shop.
  1075 | D:2      | Succumbed to an adder's poison

Illustrated notes

Levels and vault maps discovered:
D:1:      dpeg_arrival_boxes_within_box, layout_basic, serial_shops, shop
D:2:      wad_river_or_something, layout_basic, basic_ecumenical_altar,
          grunt_ministairs_15

Skill      XL: |  1  2 |
---------------+-------+-----
Dodging        | 3 |  3.0
Fighting       | |  2.6
Ranged Weapons | |  5.6
Stealth        | |  1.3

Action                   || total
-------------------------++-------
 Fire: Shortbow          ||    37
Armor: Leather armour    ||     3
Dodge: Dodged            ||    27
